cohdb
Replays
Latest Replays
All Replays
Popular Replays
Top Player Replays
Match Explorer
How It Works
Community
CoH3 Stats
Reddit
Sign in to upload your games and track your stats! →
Sign in with Steam
Match 48389111
Unlisted
Match 48389111
Overview
Messages
Build Orders
End
Kradschützen Motorcycle Team
Panzergrenadier Squad
250 Light Carrier
Panzergrenadier Squad
Construct Light Support Kompanie
2.5-tonne Medical Truck
Selects Italian Infantry
Fire Support Elements
Selects Guastatori Squad
Selects L6/40 Light Tank Combat Group
Guastatori Squad
Flakvierling Half-track
Tungsten Core Ammunition
Assault Grenadier Squad
Selects Sound the Alarm
Construct Mechanized Kompanie
Selects Sound the Alarm
Selects Territory Booby Traps
Panzerjäger Squad
Guastatori Squad
Selects Towed Cannone da 105/28 Field Howitzer
18-tonne Recovery Half-track
Pak 38 Anti-tank Gun Team
Rudy NL
Great God
matjouz
Sarmynation
0
0
Comments
sign in to comment!
No comments posted yet!